 Dungeon Crawl Stone Soup version 0.31.0-32-g396128a36d (webtiles) character file.

Game seed: 5776467116348510274

103 Peloso the Trooper (level 4, -7/41 HPs)
             Began as a Minotaur Fighter on Apr 7, 2024.
             Mangled by a gnoll
             ... wielding a +0 halberd
              (10 damage)
             ... on level 2 of the Dungeon.
             The game lasted 00:01:33 (1054 turns).

Peloso the Trooper (Minotaur Fighter)               Turns: 1054, Time: 00:01:33

Health: -7/41      AC:  7    Str: 20    XL:     4   Next: 51%
Magic:  3/3        EV:  9    Int:  5    God:
Gold:   68         SH:  5    Dex: 12    Spells: 3/3 levels left

rFire   . . .        a - +1 long sword
rCold   . . .        c - +0 buckler
rNeg    . . .        b - +0 scale mail
rPois   .            (helmet restricted)
rElec   .            (no cloak)
rCorr   .            (no gloves)
SInv    .            (no boots)
Will    .....        (no amulet) Stlth
                     (no ring)
HPRegen 0.26/turn    (no ring)
MPRegen 0.08/turn

%: no passive effects
@: no status effects
A: horns 2, retaliatory headbutt
a: no special abilities


You were on level 2 of the Dungeon.
You visited 1 branch of the dungeon, and saw 2 of its levels.

You collected 68 gold pieces.

Inventory:

Hand Weapons
 a - a +1 long sword (weapon)
Armour
 b - a +0 scale mail (worn)
 c - a +0 buckler (worn)
Jewellery
 h - an amulet of faith
Talismans
 j - a talisman of death
Scrolls
 n - a scroll of teleportation {unknown}
 o - a scroll of immolation {unknown}
Potions
 d - a potion of might
 g - 2 potions of curing {unknown}
 l - a potion of ambrosia {unknown}


   Skills:
 + Level 4.6 Fighting
 + Level 3.6 Long Blades
 + Level 4.4 Armour
 + Level 0.6 Dodging
 + Level 4.2 Shields


You had 3 spell levels left.
You didn't know any spells.
Your spell library was empty.

Dungeon Overview and Level Annotations

Branches:
Dungeon (2/15)

Altars:


Innate Abilities, Weirdness & Mutations

You have a pair of horns on your head.
You reflexively headbutt those who attack you in melee.


Message History

The gnoll shouts! x2
A gnoll comes into view. It is wielding a +0 halberd.
You see here 15 gold pieces.
There are monsters nearby!
There are monsters nearby!
The gnoll shouts!
A dart slug comes into view.
You hit the gnoll.
The gnoll is moderately wounded.
The gnoll closely misses you. You furiously retaliate!
You headbutt the gnoll! You closely miss the gnoll.
The gnoll is almost dead.
The gnoll closely misses you.
The gnoll hits you from afar with a +0 spear.
You slash the gnoll!
You kill the gnoll!
The gnoll throws a throwing net.
You block the throwing net.
The gnoll hits you from afar with a +0 spear.
The gnoll misses you. The gnoll hits you but does no damage.
Things that are here:
a +0 club; a gnoll corpse You slash the gnoll!
The gnoll is severely wounded.
The gnoll closely misses you. You block the gnoll's attack.
You hit the gnoll.
You kill the gnoll!
The gnoll hits you from afar with a +0 halberd.
The gnoll hits you with a +0 halberd!
Things that are here:
15 gold pieces; a +0 spear; a gnoll corpse You hit the gnoll.
The gnoll is moderately wounded.
The gnoll hits you with a +0 halberd!
* * * LOW HITPOINT WARNING * * *
You barely miss the gnoll.
The gnoll is moderately wounded.
The gnoll hits you with a +0 halberd!
* * * LOW HITPOINT WARNING * * *
The gnoll hits you with a +0 halberd!
You die...

# #......# #
......# . .....#
#.## ....# ....
...# #.## .w#
#.#.. .. .... #g#
#.#.##. #.## #@#
#.#.#.. ... #)#
#.#.#.# ... # #(#
#.#.#.# ...
#.######.###.#.#.#
.##
#...†............#
######...........#
#.#.....#.#.#
#.#.#.....#.#
#.#.#.#####.#


You could see a gnoll and a dart slug.

Vanquished Creatures
  Jessica (D:2)
  2 gnolls (D:2)
  3 adders (D:2)
  A dart slug (D:1)
  4 ball pythons (D:1)
  3 endoplasms
  A giant cockroach (D:1)
  A goblin (D:1)
  5 jackals (D:1)
  3 kobolds
  A quokka (D:2)
  2 bats (D:1)
  2 frilled lizards
  A rat (D:1)
30 creatures vanquished.

Notes
Turn   | Place    | Note
-------+----------+-------------------------------------------
     0 | D:1      | Peloso the Minotaur Fighter began the quest for the Orb.
     0 | D:1      | Reached XP level 1. HP: 19/19 MP: 0/0
   190 | D:1      | Reached XP level 2. HP: 27/27 MP: 1/1
   796 | D:2      | Noticed Jessica
   801 | D:2      | Reached XP level 3. HP: 33/33 MP: 2/2
   804 | D:2      | Killed Jessica
   872 | D:2      | Reached XP level 4. HP: 34/41 MP: 3/3
  1054 | D:2      | Mangled by a gnoll

Illustrated notes

Levels and vault maps discovered:
D:1:      matt_arrival_refuge, layout_loops_ring
D:2:      layout_basic, kennysheep_jessica_study

Skill      XL: |  1  2  3 |
---------------+----------+-----
Fighting       | 4 |  4.6
Shields        | 4 |  4.2
Long Blades    | 3 |  3.6
Armour         | 4 |  4.4
Dodging        | |  0.6

Action                     |  1- 3 |  4- 6 || total
---------------------------+-------+-------++-------
  Melee: Long sword        |    58 |    12 ||    70
         Headbutt          |     7 |     1 ||     8
    Use: Potion            |     2 |       ||     2
         Scroll            |       |     5 ||     5
 Armour: Scale mail        |    39 |    13 ||    52
  Dodge: Dodged            |    26 |     5 ||    31
  Block: Buckler           |    10 |     2 ||    12
